 Dungeon Crawl Stone Soup version 0.26.1-11-gd32895ea62 (webtiles) character file.

Game seed: 11034917596806679855

6799 Amplified the Frost Mage (level 11, 0/90 HPs)
             Began as a Barachi Ice Elementalist on July 4, 2021.
             Was an Initiate of Makhleb.
             Slain by a four-headed hydra (10 damage)
             ... on level 11 of the Dungeon.
             The game lasted 00:20:40 (11800 turns).

Amplified the Frost Mage (BaIE)                    Turns: 11800, Time: 00:20:41

Health: 0/90       AC: 11    Str: 12    XL:     11   Next: 5%
Magic:  23/23      EV: 12    Int: 17    God:    Makhleb [......]
Gold:   107        SH:  0    Dex: 12    Spells: 10/27 levels left

rFire    . . .     SeeInvis .   f - +6 short sword (flame)
rCold    + + .     Faith    .   (no shield)
rNeg     + . .     Spirit   .   q - +0 leather armour "Aloutz" {rC+ rN+ rCorr} (curse)
rPois    .         Reflect  .   x - +2 helmet
rElec    .         Harm     .   (no cloak)
rCorr    +         Rampage  .   e - +2 pair of gloves
Will     .....                  (no boots)
Stlth    ++........             (no amulet)
HPRegen  0.25/turn              l - ring of protection from cold
MPRegen  0.18/turn              C - ring of wizardry

@: very slightly contaminated, invisible, slow
A: +LOS, swims, slowness 1, strong legs 1
a: Hop, Renounce Religion


You were on level 11 of the Dungeon.
You worshipped Makhleb.
Makhleb was noncommittal.
You visited 2 branches of the dungeon, and saw 12 of its levels.
You also visited: Sewer.

You collected 587 gold pieces.
You spent 480 gold pieces at shops.

Inventory:

Hand Weapons
 f - a +6 short sword of flaming (weapon)
Missiles
 w - 37 poisoned darts
Armour
 e - a +2 pair of gloves (worn)
 q - the cursed +0 leather armour "Aloutz" (worn) {rC+ rN+ rCorr}
   (You bought it in a shop on level 5 of the Dungeon)

   It protects you from cold.
   It protects you from negative energy.
   It provides partial protection from all sources of acid and corrosion.
   It has a curse placed upon it.
 x - a +2 helmet (worn)
Jewellery
 l - a ring of protection from cold (left hand)
 m - an uncursed ring of flight
 C - a ring of wizardry (right hand)
 D - an uncursed ring of resist corrosion {unknown}
 E - an uncursed ring of ice {unknown}
Wands
 n - a wand of flame (13)
 z - a wand of random effects (51)
Scrolls
 a - a scroll of silence
 b - 4 scrolls of immolation
 c - 2 scrolls of identify
 d - 4 scrolls of amnesia
 h - a scroll of fog
 k - 8 scrolls of remove curse
 s - 3 scrolls of fear
 v - 5 scrolls of teleportation
 y - a scroll of enchant armour
 A - 2 scrolls of magic mapping
Potions
 g - 5 potions of curing
 j - 3 potions of heal wounds
 o - 3 potions of ambrosia
 p - 2 potions of lignification {unknown}
 t - a potion of brilliance {unknown}
 u - a potion of cancellation {unknown}
 B - a potion of mutation {unknown}


   Skills:
 * Level 9.8 Fighting
 * Level 9.8 Armour
 - Level 2.1 Dodging
 - Level 1.7 Stealth
 * Level 8.6 Spellcasting
 * Level 10.9 Ice Magic


You had 10 spell levels left.
You knew the following spells:

 Your Spells              Type           Power        Failure   Level
a - Freeze                Ice            100%         1%          1
b - Frozen Ramparts       Ice            88%          1%          3
c - Ozocubu's Armour      Ice            44%          1%          3
d - Ensorcelled Hibernat  Hex/Ice        50%          1%          2
e - Hailstorm             Conj/Ice       25%          5%          4
f - Summon Ice Beast      Ice/Summ       25%          5%          4

Your spell library contained the following spells:

 Spells                   Type           Power        Failure   Level
 Animate Skeleton         Necr           14%          4%          1
 Apportation              Tloc           14%          4%          1
 Corona                   Hex            7%           4%          1
 Summon Small Mammal      Summ           28%          4%          1
 Confusing Touch          Hex            7%           16%         3
 Dazzling Flash           Conj/Hex       14%          16%         3
 Tukima's Dance           Hex            7%           16%         3


Dungeon Overview and Level Annotations

Branches:
Dungeon (11/15)            Temple (1/1) D:6           Sewer (visited)
   Lair: D:8-11         Orc: D:9-12

Altars:
Ashenzari
Cheibriados
Dithmenos
Elyvilon
Fedhas
Gozag
Hepliaklqana
Kikubaaqudgha
Makhleb
Nemelex Xobeh
Okawaru
Qazlal
Ru
Sif Muna
Trog
Uskayaw
Vehumet
Wu Jian
Xom
Yredelemnul
Zin
The Shining One

Shops:
D:5 [   D:6 ?   D:7 ?

Annotations:
D:7 3 runed translucent doors, Shavain's ghost, novice VSCj
D:9 AuftragZ's ghost, journeyman DrCj


Innate Abilities, Weirdness & Mutations

You can be seen from farther away. (+LOS)
You can swim through water.
You cover ground slowly.
You can hop short distances.


Message History

You completely miss the four-headed hydra.
The four-headed hydra bites you! The four-headed hydra bites you.
The four-headed hydra closely misses you.
The four-headed hydra bites you!
Unknown command.
The four-headed hydra bites you but does no damage.
The four-headed hydra bites you.
The four-headed hydra closely misses you.
The four-headed hydra barely misses you.
You open the door. The four-headed hydra bites you!
* * * LOW HITPOINT WARNING * * *
The four-headed hydra bites you but does no damage. x2
The four-headed hydra bites you.
* * * LOW HITPOINT WARNING * * *
Unknown command.
As you read the scroll of fear, it crumbles to dust.
You assume a fearsome visage.
The four-headed hydra resists with some effort.
The four-headed hydra bites you!
You die...

#......# #......#
#.[....# #......#
#......# #...?..# ..
.. #......#
..#######...
#.....D#....#.<.......
#....@.'....#.........
#......######.....$...
#.....................
#........†......######
#...............#
#.......#########
###..(....#
#.........#
#.........#


You could see a four-headed hydra.

Vanquished Creatures
  A two-headed ogre (D:9)
  Maggie (D:8)
  A tengu conjurer (D:11)
  A troll (D:10)
  A hornet (D:9)
  Grinder (D:5)
  A vampire (D:8)
  A wyvern (D:9)
  7 yaks (D:9)
  An orc warrior (D:6)
  4 ice beasts
  4 ogres
  2 sky beasts
  A centaur (D:6)
  10 bullfrogs
  2 scorpions
  5 killer bees (D:9)
  A wight (D:10)
  6 howler monkeys
  2 centaur zombies (D:5)
  A bullfrog zombie (D:6)
  4 orc priests
  4 centaur skeletons
  5 hounds
  2 jellies
  2 orc wizards
  3 bullfrog skeletons
  2 iguanas
  4 worker ants
  A hound zombie (D:7)
  2 gnolls (D:5)
  14 adders
  10 river rats (D:6)
  3 shadow imps
  5 white imps
  An ufetubus (D:9)
  10 oozes
  2 adder zombies
  3 worms
  A dart slug (D:1)
  14 leopard geckos
  22 orcs
  13 ball pythons
  5 bats
  13 giant cockroaches
  8 hobgoblins
  13 jackals
  7 quokkas
  14 frilled lizards
  6 goblins
  4 kobolds
  A quokka skeleton (D:6)
  19 rats
271 creatures vanquished.

Vanquished Creatures (collateral kills)
  An ice beast (D:8)
  A scorpion (D:7)
2 creatures vanquished.

Grand Total: 273 creatures vanquished

Notes
Turn   | Place    | Note
-------+----------+-------------------------------------------
     0 | D:1      | Amplified the Barachi Ice Elementalist began the quest for
                  | the Orb.
     0 | D:1      | Reached XP level 1. HP: 13/13 MP: 3/3
   718 | D:1      | Reached XP level 2. HP: 19/20 MP: 0/5
   723 | D:1      | Reached skill level 5 in Ice Magic
   729 | D:1      | Reached skill level 1 in Fighting
   838 | D:1      | Reached skill level 1 in Armour
  1009 | D:1      | Reached XP level 3. HP: 26/26 MP: 6/6
  2563 | D:3      | Learned a level 3 spell: Frozen Ramparts
  2662 | D:3      | Reached XP level 4. HP: 32/33 MP: 5/8
  2804 | D:3      | Learned a level 3 spell: Ozocubu's Armour
  3856 | D:4      | Reached XP level 5. HP: 33/39 MP: 0/9
  4566 | D:5      | Entered Level 5 of the Dungeon
  4574 | D:5      | Reached skill level 6 in Ice Magic
  4574 | D:5      | Reached XP level 6. HP: 45/47 MP: 11/11
  4574 | D:5      | Noticed an ice beast
  4617 | D:5      | Noticed Grinder
  4618 | D:5      | Paralysed by Grinder for 6 turns
  4711 | D:5      | Reached XP level 7. HP: 50/53 MP: 2/13
  4785 | D:5      | Found Buaxox's Armour Shoppe.
  4789 | D:5      | Bought the cursed +0 leather armour "Aloutz" {rC+ rN+
                  | rCorr} for 273 gold pieces
  4850 | D:5      | Found a glowing drain.
  4866 | Sewer    | Entered a sewer
  5279 | Sewer    | Reached skill level 7 in Ice Magic
  5297 | Sewer    | Reached skill level 5 in Fighting
  5297 | Sewer    | Reached XP level 8. HP: 27/62 MP: 5/15
  5537 | D:5      | Reached skill level 5 in Armour
  5603 | D:5      | Paralysed by Grinder for 6 turns
  5624 | D:5      | Killed Grinder
  5625 | D:5      | Reached skill level 5 in Spellcasting
  6400 | D:5      | Reached skill level 8 in Ice Magic
  6681 | D:6      | Found Laicoing's Magic Scroll Boutique.
  6686 | D:6      | Bought a scroll of teleportation for 39 gold pieces
  6686 | D:6      | Bought a scroll of teleportation for 39 gold pieces
  6889 | D:6      | Reached XP level 9. HP: 60/71 MP: 7/17
  7359 | D:6      | Found a staircase to the Ecumenical Temple.
  7852 | Temple   | Entered the Ecumenical Temple
  8065 | D:7      | Noticed Shavain's ghost (novice VSCj)
  8093 | D:7      | Found a runed translucent gate.
  8093 | D:7      | Found a runed translucent gate.
  8104 | D:7      | Found a runed translucent gate.
  8227 | D:7      | Found a glowing golden altar of the Shining One.
  8242 | D:7      | Learned a level 2 spell: Ensorcelled Hibernation
  8247 | D:7      | Learned a level 4 spell: Hailstorm
  8252 | D:7      | Learned a level 4 spell: Summon Ice Beast
  8646 | D:7      | Reached skill level 9 in Ice Magic
  8816 | D:7      | Found Pumur's Magic Scroll Boutique.
  8821 | D:7      | Bought a scroll of teleportation for 39 gold pieces
  8821 | D:7      | Bought a scroll of fear for 45 gold pieces
  8821 | D:7      | Bought a scroll of fear for 45 gold pieces
  9044 | D:8      | Noticed Maggie
  9071 | D:8      | Killed Maggie
  9903 | D:8      | Reached XP level 10. HP: 80/80 MP: 16/20
 10545 | D:9      | Noticed a two-headed ogre
 10551 | D:9      | Killed a two-headed ogre
 10552 | D:9      | Reached skill level 10 in Ice Magic
 10978 | D:9      | Found a transporter.
 10983 | D:9      | Found a transporter.
 10987 | D:9      | Noticed AuftragZ's ghost (journeyman DrCj)
 11502 | D:9      | Noticed a two-headed ogre
 11514 | D:9      | Noticed a two-headed ogre
 11588 | D:9      | Found a burning altar of Makhleb.
 11606 | D:9      | Became a worshipper of Makhleb the Destroyer
 11634 | D:10     | Entered Level 10 of the Dungeon
 11649 | D:10     | Reached XP level 11. HP: 90/90 MP: 7/23
 11650 | D:10     | Noticed a two-headed ogre
 11790 | D:11     | Noticed a four-headed hydra
 11800 | D:11     | Slain by a four-headed hydra

Illustrated notes

Levels and vault maps discovered:
D:1:      dpeg_arrival_circle_labyrinth_c, layout_basic, serial_bayou_pond_b
D:2:      layout_rooms, serial_aquarium, aquarium_bridge_square
          [aquarium_subvault_wall, aquarium_subvault_bridge,
          aquarium_subvault_wall, aquarium_subvault_bridge],
          aquarium_bridge_square [aquarium_subvault_wall,
          aquarium_subvault_wall, aquarium_subvault_bridge,
          aquarium_subvault_bridge], aquarium_window_fake,
          aquarium_window_corridor_3, aquarium_window_1, aquarium_window_2,
          aquarium_view_2f, aquarium_balcony_3b, aquarium_pool_2
D:3:      layout_loops_corners
D:4:      layout_basic
D:5:      minmay_chambers_of_threes, layout_loops_ring, portal_sewer_entry_d,
          serial_shops, shop, uniq_grinder
D:6:      lemuel_ratsnest, layout_loops_ring,
          minmay_temple_entry_drinking_statues, serial_shops, shop
D:7:      layout_basic, gammafunk_ghost_icy, basic_altar, serial_shops, shop
D:8:      layout_basic, uniq_maggie
D:9:      minmay_the_grid_plus_closed [minmay_the_grid_pillar_ring,
          minmay_the_grid_aliased_spiral, minmay_the_grid_tiny_cups,
          minmay_the_grid_zigzag_pyramid, minmay_the_grid_prize_big_room],
          layout_small_grid, overflow_temple_1_default, gammafunk_ghost_hive,
          st_stairs_4
D:10:     layout_cross, grunt_lair_entry_orc_guard_hut, enter_trove_5,
          chequers_serial_rivers_small_b
D:11:     layout_irregular_city, jmf_multi_god_temple
Temple:   kilobyte_greek_temple

Skill      XL: |  1  2  3  4  5  6  7  8  9 10 |
---------------+-------------------------------+-----
Ice Magic      | 5 6 7 8 9 10 | 10.9
Fighting       | 1 2 3 5 6 8 9 |  9.8
Armour         | 1 2 3 4 6 8 9 |  9.8
Spellcasting   | 3 4 5 7 8 |  8.6
Dodging        | |  2.1
Stealth        | |  1.7

Action                   |  1- 3 |  4- 6 |  7- 9 | 10-12 || total
-------------------------+-------+-------+-------+-------++-------
Melee: Unarmed           |     6 |       |       |       ||     6
       Short sword       |    67 |    45 |   391 |   126 ||   629
 Cast: Freeze            |    18 |    30 |     9 |     2 ||    59
       Ozocubu's Armour  |       |     7 |     9 |     4 ||    20
       Frozen Ramparts   |       |     1 |    21 |    12 ||    34
       Summon Ice Beast  |       |       |     2 |     3 ||     5
       Ensorcelled Hiber |       |       |     1 |     2 ||     3
       Hailstorm         |       |       |       |     2 ||     2
 Abil: Hop               |       |     1 |       |     1 ||     2
Evoke: Wand              |       |       |     8 |     5 ||    13
  Use: Scroll            |     7 |    12 |     6 |     7 ||    32
       Potion            |       |     1 |     3 |     7 ||    11
 Stab: Sleeping          |     2 |       |     3 |     1 ||     6
       Distracted        |       |       |     3 |       ||     3
       Paralysed         |       |       |     5 |    13 ||    18
       Invisible         |       |       |       |     2 ||     2
Armor: Robe              |    11 |    23 |     7 |       ||    41
       Leather armour    |       |       |   168 |    83 ||   251
Dodge: Dodged            |    50 |    54 |   264 |    93 ||   461
